 Dungeon Crawl Stone Soup version 0.30-a0-702-gdf48620a09 (webtiles) character file.

Game seed: 14658182595238281832

2532 purpskrrrp the Skirmisher (level 9, -1/41 HPs)
             Began as a Spriggan Hunter on Jan 22, 2023.
             Was an Elder of Wu Jian.
             Killed from afar by an acid dragon (26 damage)
             ... with a splash of acid
             ... on level 8 of the Dungeon.
             The game lasted 00:13:52 (5806 turns).

purpskrrrp the Skirmisher (Spriggan Hunter)         Turns: 5806, Time: 00:13:53

Health: -1/41      AC: 10    Str: 15    XL:     9   Next: 30%
Magic:  14/14      EV: 24    Int:  7    God:    Wu Jian [****..]
Gold:   579        SH:  5    Dex: 22    Spells: 9/14 levels left

rFire   . . .      SeeInvis +    a - +0 shortbow
rCold   + + +      Faith    .    (shield currently unavailable)
rNeg    . . .      Spirit   .    m - +2 robe "Xotomeal" {rElec rC+++ Str+3 Int-4}
rPois   +          Reflect  +    (helmet restricted)
rElec   +          Harm     .    s - +1 cloak
rCorr   .          Rampage  .    (gloves unavailable)
Will    +....                    (boots unavailable)
Stlth   +++++                    A - amulet of reflection
HPRegen 0.26/turn                D - ring of Gyhe {Contam rPois Str+5 SInv}
MPRegen 0.14/turn                w - +4 ring of protection

@: very quick
A: very small, no large weapons, unfitting armour, see invisible, speed 3
a: Renounce Religion, Wall Jump, Serpent's Lash


You were on level 8 of the Dungeon.
You worshipped Wu Jian.
Wu Jian was greatly pleased with you.
You visited 1 branch of the dungeon, and saw 8 of its levels.
You also visited: Sewer.

You collected 579 gold pieces.

Inventory:

Hand Weapons
 a - a +0 shortbow (weapon)
Missiles
 h - 5 javelins
 r - 7 poisoned darts
 u - 5 silver javelins
Armour
 c - a +1 robe
 m - the +2 robe "Xotomeal" (worn) {rElec rC+++ Str+3 Int-4}
   (You found it in a sewer)

   Str:       It affects your strength (+3).
   Int:       It affects your intelligence (-4).
   rC:        It renders you almost immune to cold.
   rElec:     It insulates you from electricity.
 s - a +1 cloak (worn)
Jewellery
 d - a ring of protection from fire
 e - an amulet of regeneration
 o - an amulet of faith
 w - a +4 ring of protection (right hand)
 A - an amulet of reflection (around neck)
 D - the ring of Gyhe (left hand) {Contam rPois Str+5 SInv}
   (You took it off an orc priest on level 6 of the Dungeon)

   [ring of poison resistance]

   Str:       It affects your strength (+5).
   rPois:     It protects you from poison.
   SInv:      It lets you see invisible.
   Contam:    It causes magical contamination when unequipped.
Wands
 v - a wand of flame (6)
Scrolls
 b - 2 scrolls of immolation
 g - 6 scrolls of teleportation
 k - 2 scrolls of silence
 t - a scroll of fear
 y - 3 scrolls of amnesia
 z - a scroll of magic mapping
 F - a scroll of fog
 G - a scroll of enchant weapon {unknown}
Potions
 f - 3 potions of degeneration
 i - a potion of flight
 j - 4 potions of haste
 l - 2 potions of brilliance
 n - 3 potions of attraction
 p - 3 potions of curing
 q - a potion of ambrosia
 x - a potion of lignification {unknown}
 B - a potion of cancellation {unknown}
 C - a potion of berserk rage {unknown}
 E - 2 potions of heal wounds {unknown}


   Skills:
 - Level 1.5 Fighting
 * Level 9.2 Ranged Weapons
 + Level 8.1 Dodging
 + Level 9.1 Stealth
 + Level 3.1 Spellcasting
 * Level 4.8 Transmutations


You had 9 spell levels left.
You knew the following spells:

 Your Spells              Type           Power      Damage    Failure   Level
a - Blade Hands           Tmut           3%         N/A       78%         5

Your spell library contained the following spells:

 Spells                   Type           Power      Damage    Failure   Level
 Foxfire                  Conj/Fire      4%         2x1d4     34%         1
 Airstrike                Air            0%         2d(1-17)  98%         4
 Animate Armour           Summ/Erth      2%         N/A       98%         4
 Summon Lightning Spire   Summ/Air       1%         N/A       98%         4
 Freezing Cloud           Conj/Ice/Air   0%         6-21      100%        5
 Lightning Bolt           Conj/Air       0%         1d11      100%        5
 Iron Shot                Conj/Erth      0%         9d1       100%        6
 Simulacrum               Ice/Necr       0%         N/A       100%        6
 Polar Vortex             Ice            0%         N/A       100%        9


Dungeon Overview and Level Annotations

Branches:
Dungeon (8/15)             Temple (0/1) D:7           Sewer (visited)
   Lair: D:8-11

Altars:
Sif Muna
Wu Jian

Shops:
D:8 *


Innate Abilities, Weirdness & Mutations

You are very small and have problems with some larger weapons.
You are too small for most types of armour.
You have supernaturally acute eyesight. (SInv)
You cover ground extremely quickly. (Speed+++)


Message History

Found a scroll labelled VOJ VOUTHRONUOLU.
Found a stone staircase leading down.
There is a stone staircase leading up here.
Found a dyed leather armour.
Found a stone staircase leading up.
Found Ofym's Assorted Antiques.
G - a scroll labelled VOJ VOUTHRONUOLU An acid dragon comes into view.
You shoot an arrow.
The arrow hits the acid dragon but does no damage.
The acid dragon roars!
You shoot an arrow.
The arrow hits the acid dragon but does no damage.
You shoot an arrow.
The arrow closely misses the acid dragon.
You shoot an arrow.
The arrow hits the acid dragon but does no damage.
You shoot an arrow.
The arrow barely misses the acid dragon.
You shoot an arrow. The arrow hits the acid dragon.
The acid dragon is lightly wounded.
You shoot an arrow.
The arrow closely misses the acid dragon.
You block the acid dragon's attack. The acid dragon closely misses you.
You shoot an arrow. The arrow hits the acid dragon.
The acid dragon is lightly wounded.
A jelly comes into view.
Found a smoky white potion.
You shoot an arrow.
The arrow hits the acid dragon but does no damage.
The acid dragon is lightly wounded.
You hear an angry hiss.
You shoot an arrow. The arrow hits the acid dragon.
The acid dragon is moderately wounded.
The acid dragon spits acid at you. The splash of acid hits you!
You hear an angry hiss.
The acid dragon spits acid at you. The splash of acid hits you!!
Ouch! That really hurt!
You die...

#. .# .# #.#.#.. ..
#.#.#.##..## #.#
#.#.#... .... #..
.#....##..... #...
#...#.#...... .#.<.
#.......>....
......#<.........#
..#[..#.@......... .
............#..#
........#........#
#....####...#.##.# .
#... ###...#D# ...
#....##.....#.#..#
.........##.J...#
#.......##.#.#.....
≈≈≈......##.#.###.#..


You could see an acid dragon (catching breath) and a jelly.

Vanquished Creatures
  The ghost of yumyumyeen the Spear-Bearer, a novice GnWn (D:4)
  A water moccasin (Sewer)
  An orc warrior (D:7)
  An ice beast (D:6)
  2 ogres
  A centaur (D:6)
  2 necrophages (D:5)
  A scorpion (D:6)
  8 killer bees (D:7)
  5 jellies
  2 orc priests (D:6)
  8 hounds
  A gnoll bouda (D:7)
  2 iguanas
  5 orc wizards
  Natasha (D:2)
  8 gnolls
  11 adders
  A river rat (D:3)
  A shadow imp (D:7)
  3 white imps
  An ufetubus (D:5)
  A worm (D:3)
  6 dart slugs
  21 orcs
  8 bats
  5 endoplasms
  2 giant cockroaches
  6 goblins
  11 hobgoblins
  7 jackals
  3 quokkas
  14 ball pythons
  4 frilled lizards
  6 kobolds
  9 rats
170 creatures vanquished.

Notes
Turn   | Place    | Note
-------+----------+-------------------------------------------
     0 | D:1      | purpskrrrp the Spriggan Hunter began the quest for the Orb.
     0 | D:1      | Reached XP level 1. HP: 10/10 MP: 2/2
   222 | D:1      | Reached XP level 2. HP: 14/14 MP: 3/3
   224 | D:1      | Found a faded altar of an unknown god.
   250 | D:1      | Got Plato's Codex of Arcane Combat
   251 | D:1      | Prayed at the altar of an unknown god.
   251 | D:1      | Became a worshipper of the Wu Jian Council
   251 | D:1      | Reached * piety under Wu Jian
   431 | D:1      | Reached XP level 3. HP: 15/18 MP: 4/4
   783 | D:2      | Reached XP level 4. HP: 20/22 MP: 5/5
   791 | D:2      | Reached skill level 5 in Ranged Weapons
   849 | D:2      | Found a shimmering blue altar of Sif Muna.
   938 | D:2      | Noticed Natasha
   947 | D:2      | Killed Natasha
  1012 | D:2      | Reached XP level 5. HP: 25/25 MP: 6/6
  1520 | D:3      | Reached ** piety under Wu Jian
  1542 | D:3      | Found a glowing drain.
  1556 | Sewer    | Entered a sewer
  1585 | Sewer    | Noticed a water moccasin
  1595 | Sewer    | Killed a water moccasin
  1629 | Sewer    | Identified the +2 robe "Xotomeal" {rElec rC+++ Str+3 Int-4}
  1817 | D:3      | Reached XP level 6. HP: 30/30 MP: 7/7
  2076 | D:3      | Reached *** piety under Wu Jian
  2077 | D:3      | Reached skill level 5 in Dodging
  2077 | D:3      | Reached skill level 5 in Stealth
  2639 | D:4      | Noticed yumyumyeen's ghost (novice GnWn)
  2648 | D:4      | Found a runed translucent gate.
  2648 | D:4      | Found a runed translucent gate.
  2648 | D:4      | Found a runed translucent gate.
  3208 | D:4      | Killed yumyumyeen's ghost
  3209 | D:4      | Reached XP level 7. HP: 29/33 MP: 8/8
  3367 | D:5      | Entered Level 5 of the Dungeon
  3560 | D:5      | Reached XP level 8. HP: 37/37 MP: 9/9
  3643 | D:5      | Reached **** piety under Wu Jian
  4078 | D:5      | Learned a level 5 spell: Blade Hands
  4141 | D:6      | Reached skill level 1 in Transmutations
  4211 | D:6      | Reached skill level 1 in Spellcasting
  4327 | D:6      | Identified the ring of Gyhe {Contam rPois Str+5 SInv}
  4720 | D:7      | Found a staircase to the Ecumenical Temple.
  4904 | D:7      | Reached XP level 9. HP: 21/41 MP: 13/13
  5046 | D:7      | Identified the +2 scale mail of the Enchanting Gods {rElec
                  | Will+}
  5782 | D:8      | Found Ofym's Assorted Antiques.
  5806 | D:8      | Killed from afar by an acid dragon

Illustrated notes

Levels and vault maps discovered:
D:1:      heliophobic_arrival_dark_side_of_the_moon, layout_basic,
          shapermc_ecumenical_altar_rom_forum
D:2:      layout_basic, basic_altar, uniq_natasha
D:3:      minmay_bubble_buster, layout_basic, portal_sewer_entry_b, st_stairs_9
D:4:      layout_basic, gammafunk_ghost_split
D:5:      layout_loops_cross
D:6:      layout_cave_pools, minmay_strange_pillars
D:7:      layout_basic, minmay_temple_entry_grid, eino_jars
D:8:      layout_basic, erik_lair_dragon, serial_shops, nicolae_shop_waterfront,
          uniq_maurice

Skill      XL: |  1  2  3  4  5  6  7  8  9 |
---------------+----------------------------+-----
Stealth        | 2 3 4 6 7 8 9 |  9.1
Dodging        | 3 4 6 7 8 |  8.1
Ranged Weapons | 5 7 8 9 |  9.2
Transmutations | 3 4 |  4.8
Spellcasting   | 2 3 |  3.1
Fighting       | |  1.5

Action                   |  1- 3 |  4- 6 |  7- 9 || total
-------------------------+-------+-------+-------++-------
 Fire: Shortbow          |   112 |   251 |   334 ||   697
  Use: Scroll            |     3 |     6 |     8 ||    17
Armor: Robe              |    11 |    26 |    42 ||    79
Dodge: Dodged            |    87 |   141 |   281 ||   509
Block: Other             |       |       |    44 ||    44

Table legend: (Time is in decaauts)
 A = Elapsed time spent in this place.
 B = Non-inter-level travel time spent in this place.
 C = Inter-level travel time spent in this place.
 D = Time resting spent in this place.
 E = Time spent auto-exploring this place.
 F = Levels seen in this place.
 G = Mean time per level.
                   A        B        C        D        E       F      G
               +--------+--------+--------+--------+--------+-----+--------+
         Total |   4216 |   4087 |    129 |    553 |   2334 |   9 |  468.4 |
       Dungeon |   4121 |   3992 |    129 |    535 |   2306 |   8 |  515.1 |
         Sewer |     94 |     94 |      0 |     18 |     28 |   1 |   94.0 |
               +--------+--------+--------+--------+--------+-----+--------+

Top non-repeatable levels by time:
     D:7: 908 daAuts
     D:4: 683 daAuts
     D:3: 567 daAuts
     D:1: 533 daAuts
     D:2: 495 daAuts
     D:5: 469 daAuts
     D:6: 439 daAuts
   Sewer: 94 daAuts
     D:8: 23 daAuts
